 Dungeon Crawl Stone Soup version 0.17-a0-701-gb6462b4 (webtiles) character file.

142 stringdemon the Conjurer (level 5, -1/38 HPs)
             Began as a Draconian Conjurer on Apr 19, 2015.
             Slain by a worker ant (2 damage)
             ... on level 4 of the Dungeon.
             The game lasted 00:17:21 (3892 turns).

stringdemon the Conjurer (Draconian Conjurer)       Turns: 3892, Time: 00:17:21

Health: -1/38      AC:  6    Str: 11    XL:     5   Next: 4%
Magic:  4/17       EV: 12    Int: 23    God:
Gold:   158        SH:  0    Dex: 11    Spells: 2 memorised, 5 levels left

rFire  . . .     SeeInvis .     r - -2 mace (curse)
rCold  . . .     Clarity  .     (armour unavailable)
rNeg   . . .     SustAb   .     (no shield)
rPois  .         Gourm    .     (helmet restricted)
rElec  .         Spirit   .     (no cloak)
rCorr  .         Warding  .     i - +0 pair of gloves
rMut   .         Stasis   .     (no boots)
MR     .....                    (no amulet)
Stlth  ++........               (no ring)
                                e - ring of magical power

@: brilliant, lethally poisoned (-1 -> -21), very slightly contaminated, not
resistant to hostile enchantments, unstealthy
A: unfitting armour, clever 1, cold-blooded, AC +5
a: no special abilities


You were on level 4 of the Dungeon.
You were not hungry.

You visited 1 branch of the dungeon, and saw 4 of its levels.

You collected 158 gold pieces.

Inventory:

Hand weapons
 j - a +2 hunting sling of freezing
 o - a +0 hunting sling
 r - a cursed -2 mace (weapon)
Missiles
 l - 10 steel sling bullets
 p - 162 stones (quivered)
Armour
 i - a +0 pair of gloves (worn)
Jewellery
 e - a ring of magical power (left hand)
Scrolls
 a - 2 scrolls of identify
 k - a scroll of amnesia
 t - a scroll of teleportation {unknown}
Potions
 n - a potion of flight {unknown}
 q - a potion of ambrosia {unknown}
 s - a potion of invisibility {unknown}
Books
 c - a book of Conjurations

   Spells                             Type                      Level
   a - Magic Dart                     Conjuration                  1
   b - Searing Ray                    Conjuration                  2
   c - Dazzling Spray                 Conjuration/Hexes            3
   d - Fulminant Prism                Conjuration/Hexes            4
   e - Iskenderun's Mystic Blast      Conjuration                  4
   f - Iskenderun's Battlesphere      Conjuration/Charms           5
Comestibles
 b - a bread ration
 f - a beef jerky


   Skills:
 - Level 1.7 Dodging
 - Level 1.7 Stealth
 - Level 2.0 Spellcasting
 + Level 6.3 Conjurations


You had 5 spell levels left.
You knew the following spells:

 Your Spells              Type           Power        Failure   Level  Hunger
a - Magic Dart            Conj           ####         1%          1    #......
b - Searing Ray           Conj           #####.       1%          2    ##.....


Dungeon Overview and Level Annotations

Branches:
Dungeon (4/15)
 Temple: D:4-7

Altars:

Annotations:
D:3 joshua's ghost, average MiFi
D:4 Grinder


Innate Abilities, Weirdness & Mutations

Your plain brown scales are hard (AC +5).
Your body does not fit into most forms of armour.
You are cold-blooded and may be slowed by cold attacks.
Your mind is acute. (Int +2)


Message History

It was a potion of poison.
That liquid tasted very nasty...
You are more poisoned.
* * * LOW HITPOINT WARNING * * *
You feel sick. The giant gecko bites you.
* * * LOW HITPOINT WARNING * * *
The worker ant bites you.
* * * LOW HITPOINT WARNING * * *
The giant gecko bites you but does no damage.
Drink which item? (? for menu, Esc to quit)
It was a potion of brilliance.
You feel clever all of a sudden.
* * * LOW HITPOINT WARNING * * *
You feel sick. The worker ant barely misses you. The giant gecko misses you.
Drink which item? (? for menu, Esc to quit)
It was a potion of beneficial mutation.
You feel clever.
You feel fantastic!
* * * LOW HITPOINT WARNING * * *
You feel sick. The worker ant bites you.
You die...

#####
#.....
##.....##
#.......#
#......!#
#.......#
#.....a@#
#.!...l##
..%....
.######


You could see a worker ant and a giant gecko.

Vanquished Creatures
  2 worker ants (D:4)
  An adder (D:3)
  An ooze (D:1)
  A worm (D:2)
  2 giant geckos (D:1)
  7 orcs
  10 bats
  9 goblins
  7 hobgoblins
  A ball python (D:1)
  5 giant cockroaches
  4 giant newts
  13 kobolds
  A quokka skeleton (D:4)
  6 rats
70 creatures vanquished.

Notes
Turn   | Place    | Note
--------------------------------------------------------------
     0 | D:1      | stringdemon, the Draconian Conjurer, began the quest for the Orb.
     0 | D:1      | Reached XP level 1. HP: 14/14 MP: 3/3
   241 | D:1      | Reached XP level 2. HP: 20/20 MP: 1/5
   329 | D:1      | Learned a level 2 spell: Searing Ray
   729 | D:1      | Reached XP level 3. HP: 20/26 MP: 1/6
   883 | D:2      | Reached skill level 5 in Conjurations
  2299 | D:3      | Reached XP level 4. HP: 33/33 MP: 4/7
  2537 | D:3      | Noticed joshua's ghost (average MiFi)
  2706 | D:4      | Noticed Grinder
  2709 | D:4      | Paralysed by Grinder for 3 turns
  2760 | D:4      | Paralysed by Grinder for 3 turns
  3572 | D:4      | Reached skill level 6 in Conjurations
  3882 | D:4      | Reached XP level 5. HP: 29/38 MP: 8/8
  3892 | D:4      | Gained mutation: Your mind is acute. (Int +2) [potion of beneficial mutation]
  3892 | D:4      | HP: 1/38 [poison (a potion of poison)]
  3892 | D:4      | Slain by a worker ant

Action                   |  1- 3 |  4- 6 || total
-------------------------+-------+-------++-------
Melee: Unarmed           |    27 |       ||    27
       Mace              |     1 |     1 ||     2
Throw: Stone             |     4 |     8 ||    12
 Cast: Magic Dart        |    86 |    36 ||   122
       Searing Ray       |     4 |     9 ||    13
  Use: Scroll            |     5 |     1 ||     6
       Potion            |       |     8 ||     8
  Eat: Chunk             |     2 |     3 ||     5
       Bread ration      |     1 |       ||     1
       Meat ration       |       |     1 ||     1
